 Dungeon Crawl Stone Soup version 0.21.1-1-g345015f (webtiles) character file.

53015 Kairos the Cleaver (level 14, -12/88 HPs)
             Began as a Gargoyle Gladiator on Mar 27, 2018.
             Was the Champion of Okawaru.
             Mangled by a shambling mangrove (21 damage)
             ... on level 2 of the Swamp.
             The game lasted 01:15:46 (24486 turns).

Kairos the Cleaver (Gargoyle Gladiator)            Turns: 24486, Time: 01:15:46

Health: -12/88     AC: 38    Str: 18    XL:     14   Next: 66%
Magic:  18/19      EV:  6    Int: 11    God:    Okawaru [******]
Gold:   1648       SH:  0    Dex: 22    Spells: 14/16 levels left

rFire    + + .     SeeInvis .   K - +2 dire flail (drain)
rCold    . . .     Gourm    .   (shield currently unavailable)
rNeg     + . .     Faith    +   y - +0 crystal plate armour "Kiuzaosk" {rElec rCorr Dex+3}
rPois    ∞         Spirit   .   c - +2 hat
rElec    +         Reflect  .   (no cloak)
rCorr    +         Harm     .   (no gloves)
MR       +....                  Q - +0 pair of boots
Stlth    ..........             X - amulet of faith
HPRegen  0.24/turn              n - ring "Viuje" {rF+ Str-2 Dex+4 Stlth+}
MPRegen  0.16/turn              t - ring of Meleteom {rF+ Str+3}

@: heroism, grasped by roots, very slow
A: big wings, negative energy resistance 1, electricity resistance, unbreathing,
petrification resistance, rot immunity, AC +10
a: Fly, Heroism, Finesse, Renounce Religion


You were on level 2 of the Swamp.
You worshipped Okawaru.
Okawaru was exalted by your worship.
You were hungry.

You visited 4 branches of the dungeon, and saw 19 of its levels.
You also visited: Ossuary.

You collected 1648 gold pieces.

Inventory:

Hand Weapons
 a - the +6 shillelagh "Devastator" {shatter}
   (Okawaru gifted it to you on level 6 of the Lair of Beasts)
 v - a +0 trident of flaming
 x - a +3 war axe of freezing
 K - a +2 dire flail of draining (weapon)
 M - the +5 war axe of Tetill {chop, +Inv rC+ Int+7 Dex-4}
   (You found it on level 1 of the Lair of Beasts)

   It inflicts extra damage upon your enemies.
   It affects your intelligence (+7).
   It affects your dexterity (-4).
   It protects you from cold.
   It lets you turn invisible.
Missiles
 b - 3 javelins of penetration (quivered)
 d - 6 throwing nets
 u - 19 tomahawks
Armour
 c - a +2 hat (worn)
 y - the +0 crystal plate armour "Kiuzaosk" (worn) {rElec rCorr Dex+3}
   (Okawaru gifted it to you on level 1 of the Lair of Beasts)

   It affects your dexterity (+3).
   It insulates you from electricity.
   It protects you from acid and corrosion.
 Q - a +0 pair of boots (worn)
Jewellery
 m - an uncursed ring of protection from magic
 n - the ring "Viuje" (left hand) {rF+ Str-2 Dex+4 Stlth+}
   (You found it on level 5 of the Lair of Beasts)

   [ring of stealth]

   It affects your strength (-2).
   It affects your dexterity (+4).
   It protects you from fire.
   It makes you more stealthy.
 t - the ring of Meleteom (right hand) {rF+ Str+3}
   (You found it on level 1 of the Lair of Beasts)

   [ring of protection from fire]

   It affects your strength (+3).
   It protects you from fire.
 X - an amulet of faith (around neck)
 Z - an uncursed ring of protection from cold
Wands
 e - a wand of scattershot (5)
 z - a wand of acid (8)
 C - a wand of clouds (3)
 N - a wand of iceblast (11)
 O - a wand of digging (21)
 S - a wand of paralysis (49)
Scrolls
 h - 13 scrolls of remove curse
 j - 11 scrolls of teleportation
 l - a scroll of blinking
 w - 5 scrolls of magic mapping
 A - a scroll of fog
 W - 5 scrolls of immolation {unknown}
Potions
 g - 3 potions of invisibility
 i - a potion of ambrosia
 k - 6 potions of haste
 o - 6 potions of might
 q - a potion of cancellation
 r - a potion of magic
 D - a potion of berserk rage
 G - 3 potions of brilliance
 H - 9 potions of curing
 J - 6 potions of agility
 U - 2 potions of resistance
 V - 2 potions of flight
Books
 p - a book of Party Tricks

   Spells                             Type                      Level
   a - Summon Butterflies             Summoning                    1
   b - Apportation                    Translocation                1
   c - Lesser Beckoning               Translocation                3
   d - Tukima's Dance                 Hexes                        3
   e - Alistair's Intoxication        Transmutation/Poison         5
   f - Invisibility                   Hexes                        6
 P - a book of Minor Magic

   Spells                             Type                      Level
   a - Magic Dart                     Conjuration                  1
   b - Blink                          Translocation                2
   c - Call Imp                       Summoning                    2
   d - Slow                           Hexes                        2
   e - Conjure Flame                  Conjuration/Fire             3
   f - Mephitic Cloud                 Conjuration/Poison/Air       3
Miscellaneous
 F - a box of beasts
Comestibles
 f - 32 rations


   Skills:
 + Level 10.5(15.5) Fighting
 + Level 12.6(18.8) Axes
 + Level 10.7(18.5) Maces & Flails
 - Level 1.8(6.8) Throwing
 + Level 10.7(15.7) Armour
 + Level 4.7(9.7) Dodging
 * Level 8.6(13.6) Stealth
 * Level 1.7 Spellcasting
 * Level 6.9 Invocations
 * Level 5.9 Evocations


You had 14 spell levels left.
You knew the following spells:

 Your Spells              Type           Power        Failure   Level  Hunger
a - Blink                 Tloc           N/A          100%        2    ###....


Dungeon Overview and Level Annotations

Branches:
Dungeon (10/15)            Temple (1/1) D:4            Lair (6/6) D:10
  Swamp (1/4) Lair:4       Spider (0/4) Lair:4        Slime (0/5) Lair:6
    Orc (0/2) D:10

Altars:
Ashenzari
Cheibriados
Dithmenos
Elyvilon
Fedhas
Gozag
Hepliaklqana
Kikubaaqudgha
Makhleb
Nemelex Xobeh
Okawaru
Qazlal
Ru
Sif Muna
Trog
Uskayaw
Vehumet
Wu Jian
Xom
Yredelemnul
Zin
The Shining One

Shops:
D:5 %

Annotations:
Lair:2 exclusion: oklob plant


Innate Abilities, Weirdness & Mutations

You are resistant to torment.
Your stone body is resilient. (AC +10)
You are immune to poison.
Your large and strong wings let you fly indefinitely.
You resist negative energy. (rN+)
You are resistant to electric shocks. (rElec)
You can survive without breathing.
You are immune to petrification.
You are immune to rotting.


Message History

You thump the shambling mangrove!
The shambling mangrove is severely damaged.
The shambling mangrove hits you!
* * * LOW HITPOINT WARNING * * *
You hit the shambling mangrove but do no damage.
The shambling mangrove is severely damaged.
Unknown command.
You hit the shambling mangrove but do no damage.
The shambling mangrove is severely damaged.
The shambling mangrove hits you!!
* * * LOW HITPOINT WARNING * * *
You bludgeon the shambling mangrove!!
The shambling mangrove is almost destroyed.
Unknown command.
You feel much better. The shambling mangrove hits you!!
* * * LOW HITPOINT WARNING * * *
You hit the shambling mangrove.
The shambling mangrove is almost destroyed.
The shambling mangrove hits you!!
You die...

...≈≈§..≈≈≈≈≈
≈...≈≈.≈≈..
♣♣≈≈≈.....
♣..≈≈≈≈..♣
♣≈>≈≈≈≈≈.♣
♣.....♣♣♣
♣≈.≈.≈..♣
♣♣.f)≈♣..♣
♣..@♣♣≈≈..≈
♣♣.≈♣ ♣≈..≈
♣♣♣♣ ≈♣≈≈ ≈ .
♣


You could see a shambling mangrove.

Vanquished Creatures
  Gastronok (Lair:1)
  The ghost of keltmir the End of an Era, a journeyman DsGl of Qazlal (Lair:6)
  A fire dragon (Lair:6)
  A ghost crab (Swamp:1)
  4 hydras
  2 ice dragons
  A two-headed ogre (D:9)
  4 alligators (Swamp:1)
  3 death yaks (Lair:6)
  2 swamp dragons
  A lindwurm (Lair:6)
  A necromancer (Lair:3)
  The ghost of Redear the Cleaver, a novice DDMo (D:6)
  A wolf spider (Lair:4)
  13 elephants
  4 black mambas
  6 torpor snails
  Joseph (D:8)
  12 spiny frogs
  6 komodo dragons
  3 rime drakes
  4 polar bears
  3 trolls
  9 hornets
  A merfolk (D:10)
  5 tyrant leeches
  Prince Ribbit (D:5)
  14 blink frogs
  A bog body (Swamp:1)
  5 dream sheep (Lair:5)
  8 hippogriffs
  2 spriggans
  29 yaks
  2 wyverns
  Eustachio (D:4)
  A hungry ghost (D:8)
  2 basilisks
  A steam dragon (Lair:6)
  4 vampire mosquitoes (Swamp:1)
  3 insubstantial wisps (Swamp:1)
  4 swamp worms (Swamp:1)
  2 acid dragons (Lair:6)
  11 water moccasins
  4 porcupines
  2 elephant zombies (Lair:3)
  4 orc warriors
  2 swamp drakes
  3 sky beasts
  6 ogres
  3 centaurs (D:6)
  A wolf (Lair:5)
  14 crocodiles
  A big kobold (D:9)
  2 komodo dragon zombies (Lair:3)
  5 bullfrogs
  2 wyvern zombies (D:9)
  A scorpion (D:10)
  4 killer bees (D:10)
  3 electric eels (Lair:3)
  4 howler monkeys
  3 wights (D:8)
  3 crimson imps
  5 hounds
  5 orc priests
  A basilisk zombie (Lair:3)
  A jelly (D:9)
  A human zombie (Ossuary)
  A bullfrog skeleton (D:5)
  10 orc wizards
  Crazy Yiuf (D:4)
  3 iguanas
  7 worker ants
  A killer bee zombie (D:6)
  A big kobold zombie (Ossuary)
  3 hound zombies
  2 hound skeletons
  3 mummies (Ossuary)
  8 gnolls
  4 river rats (D:6)
  15 adders
  A shadow imp (D:9)
  7 adder zombies
  2 adder skeletons
  3 worms
  A dart slug (D:3)
  2 leopard geckos
  36 orcs
  11 bats
  5 giant cockroaches
  7 hobgoblins
  11 jackals
  14 kobolds
  4 quokkas
  3 ball pythons
  A frilled lizard (D:5)
  5 goblins
  2 goblin zombies (Ossuary)
  A hobgoblin zombie (Ossuary)
  2 kobold zombies (Ossuary)
  A leopard gecko skeleton (D:4)
  A leopard gecko zombie (D:7)
  An orc zombie (Ossuary)
  A quokka skeleton (D:5)
  2 quokka zombies (Ossuary)
  10 rats
  2 rat zombies (Ossuary)
  A fungus (Lair:3)
  12 plants
470 creatures vanquished.

Vanquished Creatures (others)
  10 fungi
  15 plants
25 creatures vanquished.

Grand Total: 495 creatures vanquished

Notes
Turn   | Place    | Note
-------+----------+-------------------------------------------
     0 | D:1      | Kairos the Gargoyle Gladiator began the quest for the Orb.
     0 | D:1      | Reached XP level 1. HP: 12/12 MP: 1/1
   208 | D:1      | Reached XP level 2. HP: 17/17 MP: 2/2
   464 | D:1      | Reached XP level 3. HP: 22/22 MP: 3/3
  1140 | D:2      | Reached XP level 4. HP: 22/27 MP: 4/4
  1615 | D:2      | Reached skill level 1 in Armour
  1864 | D:2      | Found a snail-covered altar of Cheibriados.
  1864 | D:2      | Found a deep blue altar of Sif Muna.
  1865 | D:2      | Found an ornate altar of the Wu Jian Council.
  2010 | D:3      | Reached XP level 5. HP: 28/31 MP: 5/5
  2735 | D:4      | Found a staircase to the Ecumenical Temple.
  2741 | Temple   | Entered the Ecumenical Temple
  2796 | Temple   | Became a worshipper of Warmaster Okawaru
  2991 | D:4      | Found a runed door.
  3030 | D:4      | Noticed an ogre
  3046 | D:4      | Killed an ogre
  3046 | D:4      | Reached skill level 5 in Maces & Flails
  3046 | D:4      | Reached skill level 1 in Stealth
  3046 | D:4      | Reached XP level 6. HP: 13/37 MP: 6/6
  3452 | D:4      | Noticed Eustachio
  3474 | D:4      | Reached * piety under Okawaru
  3489 | D:4      | Killed Eustachio
  3489 | D:4      | Reached XP level 7. HP: 39/41 MP: 7/7
  3632 | D:4      | Noticed Crazy Yiuf
  3637 | D:4      | Killed Crazy Yiuf
  3690 | D:5      | Entered Level 5 of the Dungeon
  3962 | D:5      | Found a glowing golden altar of the Shining One.
  4188 | D:5      | Found Kyurpheh's Food Emporium.
  4294 | D:5      | Noticed Prince Ribbit
  4308 | D:5      | Killed Prince Ribbit
  4308 | D:5      | Reached ** piety under Okawaru
  4308 | D:5      | Reached XP level 8. HP: 7/48 MP: 8/8
  4320 | D:5      | Found a sand-covered staircase.
  4390 | Ossuary  | Entered an ossuary
  5324 | D:6      | Noticed Redear's ghost (novice DDMo)
  5355 | D:6      | Killed Redear's ghost
  5355 | D:6      | Reached skill level 5 in Fighting
  5355 | D:6      | Reached XP level 9. HP: 42/54 MP: 9/9
  5453 | D:6      | Reached *** piety under Okawaru
  5465 | D:6      | Found a bloodstained altar of Trog.
  6176 | D:7      | Found a sacrificial altar of Ru.
  6562 | D:8      | Reached skill level 10 in Maces & Flails
  6571 | D:8      | Reached skill level 5 in Armour
  6776 | D:8      | Noticed Joseph
  6799 | D:8      | Killed Joseph
  6799 | D:8      | Reached **** piety under Okawaru
  6799 | D:8      | Reached skill level 1 in Axes
  6804 | D:8      | Reached skill level 2 in Axes
  6804 | D:8      | Reached XP level 10. HP: 34/60 MP: 10/10
  6975 | D:8      | Found a hazy altar of Hepliaklqana.
  6976 | D:8      | Found a burning altar of Makhleb.
  7147 | D:8      | Reached skill level 3 in Axes
  7342 | D:8      | Found a stormy altar of Qazlal.
  7494 | D:8      | Received a gift from Okawaru
  7876 | D:9      | Noticed a two-headed ogre
  7884 | D:9      | HP: 1/60 [two-headed ogre/giant club (3)]
  8294 | D:9      | Killed a two-headed ogre
  8294 | D:9      | Reached skill level 4 in Axes
  8858 | D:9      | Reached skill level 5 in Axes
  9367 | D:10     | Entered Level 10 of the Dungeon
  9405 | D:10     | Reached ***** piety under Okawaru
  9487 | D:10     | Reached skill level 6 in Axes
  9684 | D:10     | Found a staircase to the Orcish Mines.
  9787 | D:10     | Reached XP level 11. HP: 39/67 MP: 11/11
  9905 | D:10     | Found a staircase to the Lair.
 10048 | D:10     | Reached skill level 7 in Axes
 10460 | Lair:1   | Entered Level 1 of the Lair of Beasts
 10641 | Lair:1   | Got a clouded glass ring
 10656 | Lair:1   | Received a gift from Okawaru
 10659 | Lair:1   | Got an ancient crystal plate armour {god gift}
 10670 | Lair:1   | Identified the +0 crystal plate armour "Kiuzaosk" {rElec rCorr Dex+3} (Okawaru gifted it to you on level 1 of the Lair of Beasts)
 10945 | Lair:1   | Identified the ring of Meleteom {rF+ Str+3} (You found it on level 1 of the Lair of Beasts)
 11006 | Lair:1   | Noticed Gastronok
 11024 | Lair:1   | Killed Gastronok
 11024 | Lair:1   | Reached skill level 8 in Axes
 11390 | Lair:1   | Reached skill level 9 in Axes
 11415 | Lair:1   | Got a transparent war axe
 11416 | Lair:1   | Identified the +5 war axe of Tetill {chop, +Inv rC+ Int+7 Dex-4} (You found it on level 1 of the Lair of Beasts)
 11745 | Lair:1   | Reached XP level 12. HP: 63/74 MP: 12/12
 11747 | Lair:1   | Reached skill level 10 in Axes
 11830 | Lair:1   | Reached ****** piety under Okawaru
 12198 | Lair:2   | Reached skill level 1 in Invocations
 12280 | Lair:2   | Got a bound tin amulet
 12332 | Lair:2   | Received a gift from Okawaru
 12339 | Lair:2   | Reached skill level 1 in Evocations
 12360 | Lair:2   | Found an iron altar of Okawaru.
 13680 | Lair:3   | Received a gift from Okawaru
 13691 | Lair:3   | Got a warped crystal plate armour {god gift}
 13702 | Lair:3   | Identified the +1 crystal plate armour of Vanity {rPois Int+2 Dex+2} (Okawaru gifted it to you on level 3 of the Lair of Beasts)
 13900 | Lair:3   | Identified the amulet "Lyror" {Spirit Str+2} (You found it on level 2 of the Lair of Beasts)
 14796 | Lair:4   | Reached skill level 11 in Axes
 15304 | Lair:4   | Noticed a seven-headed hydra
 15341 | Lair:4   | Found a hole to the Spider Nest.
 15367 | Lair:3   | Reached XP level 13. HP: 80/80 MP: 15/15
 15838 | Lair:4   | Found a staircase to the Swamp.
 15990 | Lair:5   | Reached skill level 5 in Stealth
 16026 | Lair:5   | Found a frozen archway.
 16030 | Lair:5   | Noticed an ice dragon
 16634 | Lair:5   | Killed an ice dragon
 16682 | Lair:5   | Received a gift from Okawaru
 17234 | Lair:5   | Got a scintillating tin ring
 17236 | Lair:5   | Identified the ring "Viuje" {rF+ Str-2 Dex+4 Stlth+} (You found it on level 5 of the Lair of Beasts)
 17449 | Lair:6   | Entered Level 6 of the Lair of Beasts
 17449 | Lair:6   | Noticed keltmir's ghost (journeyman DsGl)
 18645 | Lair:6   | Received a gift from Okawaru
 18646 | Lair:6   | Found the +6 shillelagh "Devastator" {shatter}
 18663 | Lair:6   | Reached skill level 5 in Invocations
 18671 | Lair:6   | Reached skill level 10 in Armour
 19342 | Lair:6   | Found a staircase to the Slime Pits.
 19631 | Lair:5   | Reached skill level 12 in Axes
 19682 | Lair:6   | Found a runed door.
 19955 | Lair:6   | Received a gift from Okawaru
 19955 | Lair:6   | Reached skill level 10 in Fighting
 20435 | Lair:6   | HP: 4/82 [tyrant leech (16)]
 20817 | Lair:6   | Gained mutation: Your large and strong wings let you fly indefinitely. [Gargoyle growth]
 20817 | Lair:6   | Reached XP level 14. HP: 60/88 MP: 16/18
 20822 | Lair:6   | Reached skill level 5 in Evocations
 21306 | Lair:6   | Killed keltmir's ghost
 22353 | Lair:6   | Learned a level 2 spell: Blink
 22613 | Lair:6   | Received a gift from Okawaru
 23217 | Swamp:1  | Entered Level 1 of the Swamp
 23515 | Swamp:1  | Reached skill level 1 in Spellcasting
 24458 | Swamp:1  | You fall through a shaft!
 24483 | Swamp:2  | HP: 1/88 [shambling mangrove (21)]
 24486 | Swamp:2  | Mangled by a shambling mangrove

Skill      XL: |  1  2  3  4  5  6  7  8  9 10 11 12 13 14 |
---------------+-------------------------------------------+-----
Maces & Flails | 4 5 6 7 9 10 | 10.7
Dodging        | 3 4 |  4.7
Armour         | 1 2 3 4 5 7 8 9 10 | 10.7
Fighting       | 3 4 5 6 7 8 9 10 | 10.5
Stealth        | 1 2 4 7 8 |  8.6
Axes           | 2 6 9 11 12 | 12.6
Invocations    | 3 5 6 |  6.9
Evocations     | 3 4 5 |  5.9
Spellcasting   | 1 |  1.7
Throwing       | |  1.8

Action                   |  1- 3 |  4- 6 |  7- 9 | 10-12 | 13-15 || total
-------------------------+-------+-------+-------+-------+-------++-------
Melee: Flail             |   118 |   157 |   360 |       |       ||   635
       War axe           |       |       |    30 |   651 |   686 ||  1367
       Great mace        |       |       |       |       |    12 ||    12
       Dire flail        |       |       |       |       |    25 ||    25
       Shillelagh        |       |       |       |       |    25 ||    25
Invok: Heroism           |       |       |     2 |     1 |    11 ||    14
       Finesse           |       |       |       |       |     1 ||     1
 Abil: Evoke Flight      |       |       |       |     1 |       ||     1
       Evoke Invisibilit |       |       |       |       |     4 ||     4
  Use: Scroll            |       |    11 |     5 |    14 |     8 ||    38
       Potion            |       |       |     2 |     1 |     2 ||     5
 Stab: Sleeping          |       |     1 |       |       |       ||     1
       Invisible         |       |       |       |       |    18 ||    18
  Eat: Chunk             |       |     4 |     9 |    25 |    13 ||    51
       Ration            |       |     1 |     1 |     1 |     5 ||     8
Armor: Leather armour    |    78 |    37 |    20 |       |       ||   135
       Chain mail        |       |       |   214 |   189 |       ||   403
       Crystal plate arm |       |       |       |   311 |   877 ||  1188
Dodge: Dodged            |   100 |    94 |   216 |   287 |   234 ||   931
Block: Other             |       |     7 |    38 |     9 |       ||    54
       Reflection        |       |       |       |     1 |       ||     1
